[Event "Early-Titled-Tuesday-Blitz-September-05-2023"]
[Site "Chess.com"]
[Date "2023.09.05"]
[Round "6"]
[White "Let_it_be_1"]
[Black "JoliyRoger"]
[Result "1-0"]
[WhiteElo "2643"]
[BlackElo "2487"]
[TimeControl "180+1"]
[EndTime "9:06:16 PDT"]
[Termination "Let_it_be_1 won on time"]

1. e4 c6 2. d4 d5 3. Nd2 dxe4 4. Nxe4 Bf5 5. Ng3 Bg6 6. N1e2 e6 7. Nf4 Bd6 8. c3 Nf6 9. h4 Bxf4 10. Bxf4 h6 11. h5 Bh7 12. Bd3 Bxd3 13. Qxd3 Nbd7 14. O-O-O O-O 15. Kb1 Qa5 16. Qe2 b5 17. Ne4 Nxe4 18. Qxe4 Rfc8 19. g4 b4 20. c4 c5 21. dxc5 Nxc5 22. Qe5 f6 23. Qe2 e5 24. Be3 Ne6 25.
Rd5 Qa6 26. b3 Qc6 27. Rhd1 a5 28. Qd3 Nf8 29. Rc5 Qe6 30. Rxc8 Qxc8 31. Qd5+ Kh8 32. f3 a4 33. Qb5 axb3 34. axb3 Rb8 35.
Qa5 e4 36. f4 Qxg4 37. Rd8 Rc8 38. f5 1-0

[Event "Early-Titled-Tuesday-Blitz-September-05-2023"]
[Site "Chess.com"]
[Date "2023.09.05"]
[Round "6"]
[White "Aleksandar-Topalov"]
[Black "Ncatt"]
[Result "0-1"]
[WhiteElo "2357"]
[BlackElo "2453"]
[TimeControl "180+1"]
[EndTime "9:06:16 PDT"]
[Termination "Ncatt won on time"]

1. b3 e5 2. Bb2 d6 3. d4 e4 4. d5 Nf6 5. e3 Bf5 6. Ne2 Nbd7 7. Nbc3 Be7 8. Nf4 O-O 9. Be2 Re8 10. Qd4 c5 11. dxc6 bxc6 12. g4 c5 13. Qd1 Bg6 14.
g5 Ne5 15. gxf6 Bxf6 16. Nfd5 Bh4 17. Nf4 Bf5 18. Qd2 Bg5 19. O-O-O Qa5 20. Kb1 Rad8 21. Ncd5 Qxd2 22. Rxd2 Nf3 23. Bxf3 exf3 24. h4 Bh6 25. Rg1 Kf8 26. Nh5 f6 27. Nhf4 Kf7 28. Kc1 a5 29. Nb6 Bxf4 30. exf4 Re2 31. Bc3 d5 32. Bxa5 Rd6 33.
h5 h6 34. Kd1 Rde6 35. Nxd5 Rd6 36. c4 Re4 37. Bc3 Be6 38. Rg3 Rd7 39. Kc2 Bf5 40.
Kb2 Re1 0-1

[Event "Early-Titled-Tuesday-Blitz-September-05-2023"]
[Site "Chess.com"]
[Date "2023.09.05"]
[Round "6"]
[White "DanielDardha2005"]
[Black "I_am_Javi"]
[Result "1-0"]
[WhiteElo "2954"]
[BlackElo "2747"]
[TimeControl "180+1"]
[EndTime "9:06:17 PDT"]
[Termination "DanielDardha2005 won by resignation"]

1. Nc3 e5 2. Nf3 Nc6 3. d4 exd4 4. Nxd4 Nf6 5. Bg5 Bb4 6. Nxc6 bxc6 7. Qd4 Be7 8. e4 d6 9. O-O-O h6 10. Bh4 O-O 11. Bc4 Be6 12. Bxe6 fxe6 13. f3 Kh8 14. Rhe1 e5 15. Qc4 c5 16. Bxf6 Bxf6 17. Nd5 Rb8 18. Rd3 Bg5+ 19. Kb1 c6 20. Ne3 Rb4 21. Qe6 Rf6 22.
Qxe5 Qb8 23. Qc3 Re6 24. Qa3 c4 25. Rdd1 c3 26. b3 d5 27. g3 d4 28. Nf5 Bd2 29. Re2 c5 30. Qa5 Rb5 31. Qa4 Rb4 32. Qd7 Rg6 33. Qf7 Kh7 34. h4 Rb7 35. Qc4 Rgb6 36. Qxc5 d3 37. Rexd2 Rxb3+ 38. cxb3 Rxb3+ 39. axb3 Qxb3+ 40. Kc1 c2 41. Rxc2 dxc2 42. Qxc2 1-0

[Event "Early-Titled-Tuesday-Blitz-September-05-2023"]
[Site "Chess.com"]
[Date "2023.09.05"]
[Round "6"]
[White "Karacsonyi_Gellert"]
[Black "banane_verte"]
[Result "0-1"]
[WhiteElo "2807"]
[BlackElo "2606"]
[TimeControl "180+1"]
[EndTime "9:06:18 PDT"]
[Termination "banane_verte won by resignation"]

1. e4 e6 2. d4 d5 3. Nd2 c5 4. exd5 Qxd5 5. Ngf3 cxd4 6. Bc4 Qd7 7. O-O Nf6 8. Nb3 Nc6 9. Nbxd4 Nxd4 10. Nxd4 a6 11. Re1 Bc5 12. Nf3 Ng4 13. Qxd7+ Bxd7 14. Re2 Bc6 15. Ne1 O-O-O 16. Bf4 Rd4 17. Nd3 Rxc4 18. b3 Rxf4 19. Nxf4 Rd8 20. Nd3 Bd4 21. Rae1 Bc3 22. Rc1 Bb5 23. h3 Nf6 24. Rd1 e5 25. a4 Bxd3 26. cxd3 Kd7 27. Rc2 Bd4 28. g3 Nd5 29. Kg2 Rc8 30. Rc4 b5 31. axb5 axb5 32. Rxc8 Kxc8 33. Rc1+ Kd7 34. Kf3 f5 35. g4 g6 36. gxf5 gxf5 37. Rg1 Nf4 38. Rg7+ Kd6 39. Rxh7 Nxd3 40. h4 e4+ 41. Ke2 Nxf2 42. h5 f4 43. h6 f3+ 44. Kf1 e3 45. Rf7 e2+ 46. Ke1 Nd3+ 47.
Kd2 e1=Q+ 48. Kxd3 Qc3+ 0-1

[Event "Early-Titled-Tuesday-Blitz-September-05-2023"]
[Site "Chess.com"]
[Date "2023.09.05"]
[Round "6"]
[White "sergoy"]
[Black "ayanakhmetov"]
[Result "1-0"]
[WhiteElo "2895"]
[BlackElo "2590"]
[TimeControl "180+1"]
[EndTime "9:06:18 PDT"]
[Termination "sergoy won on time"]

1. d4 e6 2. c4 b6 3. f3 Bb7 4. e4 f5 5. exf5 Nh6 6. fxe6 Nf5 7. Ne2 dxe6 8. Nbc3 Nc6 9. d5 Ne5 10. Bf4 Qh4+ 11.
Bg3 Nxg3 12. Nxg3 O-O-O 13. Qc2 Nxc4 14. Bxc4 Qxc4 15. O-O-O exd5 16. Kb1 Bb4 17. Qf5+ Kb8 18. Nce2 Rde8 19. Nd4 g6 20. Qf6 Bd6 21. Rhe1 a6 22. Ka1 Rhf8 23. Qg7 Ka7 24. Nge2 Re3 25. Rc1 Qb4 26.
Nc2 Qd2 27. Nxe3 Qxe3 28. Nd4 Qd2 29. Nb3 Qxg2 30. Rxc7 Bxc7 31. Qxf8 Qf2 32. Rc1 Bxh2 33. Qf7 Qe3 34. Qxh7 Qxf3 35. Qxh2 Qe4 36. Qd2 a5 37. Nd4 1-0

[Event "Early-Titled-Tuesday-Blitz-September-05-2023"]
[Site "Chess.com"]
[Date "2023.09.05"]
[Round "6"]
[White "Goryachkina"]
[Black "Just_Lucky_1"]
[Result "1-0"]
[WhiteElo "2668"]
[BlackElo "2521"]
[TimeControl "180+1"]
[EndTime "9:06:18 PDT"]
[Termination "Goryachkina won by resignation"]

1. e4 c5 2. Nf3 d6 3. d4 cxd4 4. Nxd4 Nf6 5. Nc3 a6 6. Be3 e5 7.
Nf3 Be7 8. Bc4 O-O 9. O-O Be6 10. Bb3 Nc6 11. h3 Na5 12. Bg5 Nxb3 13. axb3 Nd7 14.
Bxe7 Qxe7 15. Qd2 Nf6 16. Rfd1 Rfd8 17. Qe3 Qc7 18. Ne1 d5 19. exd5 Nxd5 20. Nxd5 Bxd5 21.
c4 Bc6 22. Nd3 f6 23. Nb4 a5 24.
Nxc6 Qxc6 25. Rxd8+ Rxd8 26. Rxa5 Rd1+ 27. Kh2 h6 28.
Qf3 Qxf3 29. gxf3 Rd7 30. Kg3 Kf7 31. Rb5 Ke7 32. f4 e4 33. f5 Kd8 34. Kf4 Re7 35.
Rd5+ Kc7 36. Rd4 Kc6 37. b4 b6 38. Rxe4 Ra7 39. Re6+ Kd7 40. Rxb6 Ra2 41. Rb7+ Kc6 42. Rxg7 Rxb2 43. b5+ Kc5 44. Rc7+ Kd6 1-0

[Event "Early-Titled-Tuesday-Blitz-September-05-2023"]
[Site "Chess.com"]
[Date "2023.09.05"]
[Round "6"]
[White "XDPS"]
[Black "Firouzja2003"]
[Result "0-1"]
[WhiteElo "2862"]
[BlackElo "3123"]
[TimeControl "180+1"]
[EndTime "9:06:20 PDT"]
[Termination "Firouzja2003 won on time"]

1. e4 c5 2. Nf3 e6 3. g3 Nc6 4. Bg2 Nf6 5. Qe2 Be7 6. O-O O-O 7. e5 Ne8 8. Nc3 f6 9. exf6 Nxf6 10. Rd1 e5 11. Nxe5 Nd4 12. Qc4+ d5 13. Nxd5 Be6 14. c3 Nc2 15. Nxf6+ Rxf6 16. Qe2 Nxa1 17. Bxb7 Rb8 18. Be4 Qc7 19. d4 cxd4 20. cxd4 Bxa2 21. Bg5 Re6 22. Bxe7 Rxe7 23. Rxa1 Bb3 24. Qh5 g6 25. Qf3 Re6 26. h4 Kg7 27. h5 a5 28. hxg6 hxg6 29. Qf4 Qd6 30. Rc1 Rf8 31. Qe3 a4 32. Rc6 Qe7 33. Rc5 Qd6 34. Rc6 Qe7 35. Qc3 Qf6 36. Rc7+ Kg8 37. Bf3 Rxe5 38. dxe5 Qxf3 39. Qd2 Bd5 0-1

[Event "Early-Titled-Tuesday-Blitz-September-05-2023"]
[Site "Chess.com"]
[Date "2023.09.05"]
[Round "6"]
[White "Aygehovit1992"]
[Black "MatthewG-p4p"]
[Result "0-1"]
[WhiteElo "2700"]
[BlackElo "2875"]
[TimeControl "180+1"]
[EndTime "9:06:20 PDT"]
[Termination "MatthewG-p4p won on time"]

1. e4 e6 2. d4 d5 3. Nc3 Bb4 4. Ne2 Nf6 5. e5 Nfd7 6. a3 Be7 7. b4 a5 8. Rb1 axb4 9. axb4 Nc6 10. b5 Na5 11. Nf4 c5 12. bxc6 bxc6 13. Qg4 g6 14. h4 h5 15. Qg3 Nf8 16. Nd3 Ba6 17. Bg5 Bxg5 18. hxg5 Nd7 19. Qf4 Nc4 20. Be2 Qa5 21. Rb3 Rb8 22. O-O Rxb3 23. cxb3 Qxc3 24. bxc4 Bxc4 25.
Rc1 Qa3 26. Qe3 O-O 27. Nf4 Qxe3 28. fxe3 Bxe2 29. Nxe2 c5 30. dxc5 Nxe5 31. c6 Rc8 32. c7 Nc4 33. e4 Rxc7 34. exd5 exd5 35. Nf4 Rd7 36. Rd1 d4 37. Rc1 Ne5 38. Rc8+ Kg7 39. Re8 Ng4 40. Nd3 Rd5 0-1

[Event "Early-Titled-Tuesday-Blitz-September-05-2023"]
[Site "Chess.com"]
[Date "2023.09.05"]
[Round "6"]
[White "Hikaru"]
[Black "Sargsyan_Shant"]
[Result "0-1"]
[WhiteElo "3252"]
[BlackElo "2959"]
[TimeControl "180+1"]
[EndTime "9:06:21 PDT"]
[Termination "Sargsyan_Shant won by resignation"]

1. a3 a5 2. e4 g6 3. d4 Nf6 4. e5 Nh5 5. Be2 d6 6. Bxh5 gxh5 7. Qxh5 dxe5 8. Qxe5 Rg8 9. Ne2 Rxg2 10. Ng3 Ra6 11. Be3 Re6 12. Qb5+ c6 13. Qd3 Qd5 14. Nc3 Qf3 15. Nce2 Bh6 16. Bxh6 Qxd3 17. cxd3 Rxh6 18. h4 Rf6 19. Ne4 Rf3 20. Rf1 Rh2 21. Rg1 Kf8 22.
Ng5 Rfxf2 23. Nxh7+ Ke8 24. Rg8+ Kd7 25. Nc3 Rxb2 26.
Rg1 Rxh4 27. Ng5 Rxd4 28. Nf3 Rf4 29. Ne5+ Kc7 30. O-O-O Rb3 31. Kc2 Be6 32. Nc4 Bxc4 33. dxc4 a4 34. Rge1 Rxc4 35. Rxe7+ Kb6 36. Rd3 Na6 37.
Kd2 Nc5 38. Rde3 Rb2+ 39. Kc1 Rb3 40. Kd2 f5 41. Rf3 Rcxc3 42. Rxc3 Ne4+ 43. Rxe4 fxe4 44. Rc4 Rxa3 0-1

[Event "Early-Titled-Tuesday-Blitz-September-05-2023"]
[Site "Chess.com"]
[Date "2023.09.05"]
[Round "6"]
[White "Eloist"]
[Black "JaloliddinIlkhomi"]
[Result "0-1"]
[WhiteElo "2440"]
[BlackElo "2576"]
[TimeControl "180+1"]
[EndTime "9:06:21 PDT"]
[Termination "JaloliddinIlkhomi won by resignation"]

1. e4 e6 2. d4 d5 3. Nd2 Nf6 4. e5 Nfd7 5. c3 c5 6. Bd3 Nc6 7.
Ne2 cxd4 8. cxd4 f6 9. exf6 Qxf6 10. Nf3 h6 11. O-O Bd6 12. Be3 O-O 13. Ng3 Rf7 14. a3 Nf8 15. b4 a6 16. Rc1 Rc7 17. Re1 Bd7 18. Qd2 Rac8 19. Nh5 Qf7 20. Nf4 Ne7 21. Ne5 Bxe5 22. dxe5 Nfg6 23. Nxg6 Nxg6 24. f4 Ne7 25. Rxc7 Rxc7 26. Rc1 Rxc1+ 27. Qxc1 Nf5 28. Bf2 Bb5 29.
Bb1 Qh5 30. Qc2 d4 31. h3 Ne7 32. Kh2 d3 33. Qc5 Qf7 34. g3 Nd5 35. Qd4 Qf5 36. a4 Bxa4 37. Bxd3 Qf7 38. Qe4 Bb5 39. Qh7+ Kf8 40.
Bc5+ Ne7 41. Qh8+ Qg8 42. Qxg8+ Kxg8 43. Bxb5 Nd5 44. Bd7 Kf7 45. Bc8 b6 46. Bd6 a5 47.
bxa5 bxa5 48. Bd7 g5 49. fxg5 hxg5 50. Bc7 Nxc7 51. h4 Kg6 52. Kh3 gxh4 53. Kxh4 Kf7 54. Kg5 Ke7 55. Bc6 Nd5 56. g4 Nb4 57. Kh6 Nxc6 58.
g5 Nxe5 59. g6 Nxg6 0-1

[Event "Early-Titled-Tuesday-Blitz-September-05-2023"]
[Site "Chess.com"]
[Date "2023.09.05"]
[Round "6"]
[White "OldGuysRule1956"]
[Black "maurovargas01"]
[Result "0-1"]
[WhiteElo "2161"]
[BlackElo "1876"]
[TimeControl "180+1"]
[EndTime "9:06:21 PDT"]
[Termination "maurovargas01 won by resignation"]

1. Nf3 Nc6 2. b3 e5 3. d3 f5 4. Bb2 d6 5. Nbd2 Nf6 6. g3 g6 7. Bg2 Bg7 8. a3 O-O 9. c4 Qe8 10. e3 h6 11. Qc2 g5 12. O-O Qh5 13. h3 f4 14. exf4 Bxh3 15. fxg5 Ng4 16. Rfe1 hxg5 17. Re4 Rf6 18. Qd1 Raf8 19. Qe2 Bxg2 20. Kxg2 Rxf3 21.
Nxf3 Rxf3 22. Rh1 Rxf2+ 23. Qxf2 Qxh1+ 24. Kxh1 Nxf2+ 25. Kg2 Nxe4 26. dxe4 Nd4 27. b4 Kf7 28. Kh3 Kg6 29. g4 Ne6 30. Kg3 Nf4 31. Kf3 Nd3 32.
Bc3 Kf6 33. Ke3 Nf4 34. Kf3 Ke6 35. Be1 Bf6 36. Ke3 Ng2+ 37. Kf2 Nxe1 38. Kxe1 c6 39. Kd2 d5 40. Kc3 dxe4 41. Kd2 Kd6 42. Ke3 c5 43. b5 a6 44. a4 axb5 45. axb5 Kc7 46. Kxe4 Kb6 47. Kd5 Ka5 48. Ke4 Kb4 49. Kf5 Kxc4 50. b6 Kd3 51. Kxf6 e4 52. Kxg5 e3 53. Kh6 e2 54. g5 e1=Q 55. g6 Qh4+ 56. Kg7 Qe7+ 57.
Kh6 Qf6 58. Kh7 Qf5 59. Kh6 Qh3+ 60. Kg7 c4 61. Kf6 Qf3+ 62. Ke7 Qe4+ 63. Kf7 Qxg6+ 64.
Kxg6 c3 0-1

[Event "Early-Titled-Tuesday-Blitz-September-05-2023"]
[Site "Chess.com"]
[Date "2023.09.05"]
[Round "6"]
[White "karinachess1"]
[Black "Herman-NY"]
[Result "0-1"]
[WhiteElo "2587"]
[BlackElo "2500"]
[TimeControl "180+1"]
[EndTime "9:06:22 PDT"]
[Termination "Herman-NY won on time"]

1. d4 Nf6 2. Nf3 g6 3. g3 Bg7 4.
Bg2 O-O 5. O-O d6 6. c4 c5 7. Nc3 Nc6 8. d5 Na5 9. Qd3 e5 10. e4 Ng4 11. h3 Nh6 12. Ng5 b6 13. b3 Qe7 14. Bd2 Nb7 15. Rae1 f6 16. Ne6 Bxe6 17.
dxe6 Qxe6 18. Nd5 Rac8 19. f4 Nd8 20. f5 gxf5 21. exf5 Qd7 22. Nc3 Kh8 23. g4 Nc6 24. Bxc6 Rxc6 25. Nd5 Ng8 26. Re2 Ne7 27. Ref2 Nxd5 28.
Qxd5 Rc7 29. g5 fxg5 30. f6 Bh6 31. Rf5 Qf7 32. Qg2 Rg8 33. Kh1 Rg6 34. Qf2 Rd7 35.
Be3 g4 36. hxg4 Bxe3 37. Qxe3 Rxg4 38. Qh3 Rg6 39. R1f2 Rd8 40. Rh2 Rdg8 41. Rhf2 Qb7+ 42. Kh2 Qf7 0-1

[Event "Early-Titled-Tuesday-Blitz-September-05-2023"]
[Site "Chess.com"]
[Date "2023.09.05"]
[Round "6"]
[White "Khromkin"]
[Black "CixPer1968"]
[Result "0-1"]
[WhiteElo "2399"]
[BlackElo "2195"]
[TimeControl "180+1"]
[EndTime "9:06:22 PDT"]
[Termination "CixPer1968 won on time"]

1. d4 d5 2. c4 c6 3. Nf3 Nf6 4. Nc3 dxc4 5. a4 Bf5 6. Ne5 Nbd7 7. Nxc4 Nb6 8. e3 e6 9. a5 Nbd7 10. Qb3 Qc7 11. Bd2 Be7 12. Rc1 Rc8 13. g3 Ne4 14. Bg2 Nxd2 15. Nxd2 O-O 16. O-O Nf6 17. Nc4 h5 18. h3 h4 19. g4 Bd3 20. Rfd1 Bxc4 21. Qxc4 Rfd8 22. b4 Qd6 23. Rb1 a6 24. Na4 e5 25. Nc5 Rb8 26. Rb3 exd4 27. Rxd4 Qe5 28. Rbd3 Rxd4 29. Rxd4 Bxc5 30. bxc5 Re8 31. Qb3 Qc7 32.
Rb4 Re7 33. Rb6 g6 34. Qb2 Nd7 35. Qd4 Nxb6 36. axb6 Qd7 37. Qf4 Qd1+ 38. Kh2 Qd7 39. g5 Qd2 40. Qxh4 Qc2 41. Qd4 Qxf2 42. Qd8+ Kg7 43. Qxe7 Qc2 44. Qf6+ Kg8 0-1

[Event "Early-Titled-Tuesday-Blitz-September-05-2023"]
[Site "Chess.com"]
[Date "2023.09.05"]
[Round "6"]
[White "Shockerlover"]
[Black "campochess"]
[Result "1-0"]
[WhiteElo "1980"]
[BlackElo "2178"]
[TimeControl "180+1"]
[EndTime "9:06:22 PDT"]
[Termination "Shockerlover won on time"]

1. d4 Nf6 2. Nf3 c5 3. d5 d6 4. c4 Bg4 5. Nc3 g6 6. e4 Bg7 7. Be2 Nfd7 8. O-O O-O 9. Bf4 b5 10. cxb5 a6 11. bxa6 Nxa6 12. h3 Bxf3 13. Bxf3 Qb6 14.
Qc2 Nb4 15. Qb3 Nd3 16. Qxb6 Nxb6 17. Bg5 Rfe8 18. Rab1 Nc4 19. Nb5 Rxa2 20. b3 Nd2 21. Bxd2 Rxd2 22. Rfd1 Rxd1+ 23. Rxd1 Ne5 24. Be2 Rb8 25.
Bc4 Nd7 26. f4 Ra8 27. Kh2 Nb6 28. Re1 Ra2 29. e5 Nxc4 30. bxc4 Rc2 31. Re4 dxe5 32. fxe5 f5 33. exf6 Bxf6 34. Nc7 Kf7 35. Ne6 g5 36. Nxc5 h5 37. Ne6 Kg6 38. Kg3 Kf5 39. Kf3 Be5 40. g4+ hxg4+ 41. hxg4+ Kf6 42. c5 Rc3+ 43. Re3 Rxe3+ 44. Kxe3 Bb8 45. Ke4 Kf7 46. c6 1-0

[Event "Early-Titled-Tuesday-Blitz-September-05-2023"]
[Site "Chess.com"]
[Date "2023.09.05"]
[Round "6"]
[White "artin10862"]
[Black "blitzking1729"]
[Result "0-1"]
[WhiteElo "2964"]
[BlackElo "2767"]
[TimeControl "180+1"]
[EndTime "9:06:23 PDT"]
[Termination "blitzking1729 won by resignation"]

1. e4 c6 2. Nf3 d5 3. d3 g6 4.
Nbd2 Bg7 5. g3 e5 6. Bg2 Ne7 7. O-O O-O 8. Re1 d4 9. Nc4 f6 10. Nh4 b5 11. Nd2 Be6 12. Rf1 a6 13. f4 c5 14. f5 Bf7 15. Ndf3 gxf5 16. Nxf5 Nxf5 17. exf5 Ra7 18. Nd2 Kh8 19. Qg4 c4 20. Ne4 Nc6 21.
Bd2 Bd5 22. Qh4 Qb6 23. g4 c3 24. Bc1 cxb2 25. Bxb2 Nb4 26. Ba3 a5 27. g5 fxg5 28.
Nxg5 Bf6 29. Bxd5 Bxg5 30. Qh5 Rg7 31. Bxb4 axb4 32. Kh1 Qd8 33. Be4 Rf6 34. Rg1 Rh6 35.
Qf3 Qf6 36. Rg2 Bf4 37. Rag1 Qh4 38. Qf2 Qxf2 39. Rxf2 Rxg1+ 40. Kxg1 Be3 41. Kf1 Bxf2 42. Kxf2 Rxh2+ 43. Kg3 Rxc2 44. Bd5 Kg7 45. Kf3 Kf6 46. Ke4 Re2+ 47. Kf3 Re3+ 48. Kg4 Rxd3 0-1

[Event "Early-Titled-Tuesday-Blitz-September-05-2023"]
[Site "Chess.com"]
[Date "2023.09.05"]
[Round "6"]
[White "DopplerCharlotteDeWitte"]
[Black "Russian_berezka"]
[Result "0-1"]
[WhiteElo "2717"]
[BlackElo "2571"]
[TimeControl "180+1"]
[EndTime "9:06:23 PDT"]
[Termination "Russian_berezka won by resignation"]

1. e4 c5 2. b4 cxb4 3. a3 e5 4. Nf3 Nc6 5. Bb2 Nf6 6. Nxe5 bxa3 7. Nxa3 Nxe5 8. Bxe5 Bc5 9. Bd3 d6 10. Bc3 O-O 11. O-O Ng4 12. h3 Ne5 13. Be2 Ng6 14. d4 Bb6 15. Nc4 Bc7 16. Qd2 d5 17. exd5 Qxd5 18.
Bb4 Rd8 19. c3 Nf4 20. Ne3 Qg5 21. Kh1 Nxg2 22. Be7 Qxe7 23. Nxg2 Bxh3 24. Bf3 Qd6 25. Nf4 Bxf1 26. Rxf1 Qxf4 27. Qxf4 Bxf4 28. Bxb7 Rab8 29. Bc6 Rbc8 30. d5 Bd6 31. c4 Bc5 32. Kg2 a5 33. Ra1 Bb4 34. Bb5 Rc5 35. Rb1 Kf8 36. Rb3 h5 37. Rh3 g6 38. Re3 Rxb5 39. cxb5 Rxd5 40.
b6 Rb5 41. Rd3 Rxb6 42. Rd8+ Kg7 43. Ra8 Rc6 44. Kf3 Rc3+ 45. Ke4 Ra3 46. f4 Ra1 47. f5 gxf5+ 0-1

[Event "Early-Titled-Tuesday-Blitz-September-05-2023"]
[Site "Chess.com"]
[Date "2023.09.05"]
[Round "6"]
[White "Iunusovnuriddin"]
[Black "Hoshka"]
[Result "1-0"]
[WhiteElo "2321"]
[BlackElo "2041"]
[TimeControl "180+1"]
[EndTime "9:06:24 PDT"]
[Termination "Iunusovnuriddin won on time"]

1. e4 e5 2. Nf3 Nc6 3. Nc3 Nf6 4. Bb5 Nd4 5. O-O Nxb5 6. Nxb5 c6 7. Nc3 d6 8. d4 Qc7 9. h3 Be7 10. Be3 O-O 11. a4 a5 12. Re1 Be6 13. d5 cxd5 14.
exd5 Bd7 15. Qd3 Rfc8 16. Ra3 Qc4 17. Rb3 e4 18. Qxc4 Rxc4 19. Nd2 Rb4 20. Rxb4 axb4 21.
Ncxe4 Rxa4 22. Bf4 Nxd5 23. Bxd6 Kf8 24. Bxe7+ Nxe7 25. Nc5 Bc6 26. Nxa4 Bxa4 27. b3 Bc6 28. Ne4 Ke8 29.
Nc5 Kd8 30. Nd3 Nd5 31. Re4 Kd7 32. Nxb4 Nxb4 33. Rxb4 Kd6 34. f3 g5 35. Kf2 Kc5 36. Rc4+ Kd6 37. Ke3 b5 38. Rd4+ Ke7 39. Kd2 f6 40.
Kc3 h6 41. Kb4 Bd7 42. Kc5 h5 43. h4 Bf5 44. f4 gxh4 45. Kxb5 1-0

[Event "Early-Titled-Tuesday-Blitz-September-05-2023"]
[Site "Chess.com"]
[Date "2023.09.05"]
[Round "6"]
[White "Thecourseoisildur"]
[Black "ContrVersia"]
[Result "0-1"]
[WhiteElo "2591"]
[BlackElo "2913"]
[TimeControl "180+1"]
[EndTime "9:06:25 PDT"]
[Termination "ContrVersia won on time"]

1. e4 c5 2. Nf3 a6 3. a3 b5 4. b4 cxb4 5. axb4 Bb7 6. d3 e6 7.
Bb2 Bxb4+ 8. c3 Be7 9. Nbd2 Nf6 10. Qc2 Nc6 11. e5 Nd5 12. d4 d6 13. exd6 Qxd6 14.
Ne4 Qc7 15. Bd3 O-O 16. O-O Nf4 17. Rfe1 Nxd3 18. Qxd3 h6 19. Ng3 Rfd8 20. Nh5 Rd5 21. Ng3 Rad8 22. Qe3 Na5 23. Ne5 Nc4 24. Nxc4 Qxc4 25.
Ne4 e5 26. Nd2 Qc6 27. Nf3 Bf6 28. c4 bxc4 29. dxe5 Be7 30. e6 fxe6 31. Qxe6+ Qxe6 32. Rxe6 Bf8 33. h3 Rb5 34. Bc3 Bxf3 35. gxf3 Rd3 36.
Be1 Rg5+ 37. Kf1 Rxf3 38. h4 Rg4 39. Raxa6 Rxh4 40. Ra8 Kh7 41. Ree8 Bc5 42. Rh8+ Kg6 43. Rac8 Be7 44. Rc7 Bf6 45. Rhc8 Rff4 0-1

[Event "Early-Titled-Tuesday-Blitz-September-05-2023"]
[Site "Chess.com"]
[Date "2023.09.05"]
[Round "6"]
[White "McCarthyStone"]
[Black "ZuraTqebuchava"]
[Result "1-0"]
[WhiteElo "2428"]
[BlackElo "2259"]
[TimeControl "180+1"]
[EndTime "9:06:25 PDT"]
[Termination "McCarthyStone won on time"]

1. b3 g6 2. Bb2 Nf6 3. Bxf6 exf6 4. c4 Bg7 5. Nc3 f5 6. g3 O-O 7. Bg2 Nc6 8. e3 d6 9. Nge2 Be6 10. d4 Ne7 11. Bxb7 d5 12. Bxa8 Qxa8 13. c5 Kh8 14. Nf4 Bd7 15. Qd3 a5 16. h4 h5 17. O-O Ng8 18. Ncxd5 Bc6 19. Nc3 Bf3 20. d5 Nf6 21.
Rac1 Ne4 22. Nb5 g5 23. hxg5 Qd8 24. Nd4 Bxd4 25. Qxd4+ Kg8 26. Qf6 Nxf6 27. gxf6 Qxf6 28. d6 cxd6 29. cxd6 Qxd6 30. Rc4 Qf6 31. Kh2 Kh8 32. Rc5 Rg8 33. Rfc1 Kh7 34. Rc6 Qb2 35. R6c2 Qg7 36. Rc5 h4 37. gxh4 Qg4 38. Ng6 Rxg6 39. R5c4 Qh5 40. Rf4 Rg4 41. Rc7 1-0

[Event "Early-Titled-Tuesday-Blitz-September-05-2023"]
[Site "Chess.com"]
[Date "2023.09.05"]
[Round "6"]
[White "Evgeny81"]
[Black "Casper"]
[Result "1-0"]
[WhiteElo "2753"]
[BlackElo "2433"]
[TimeControl "180+1"]
[EndTime "9:06:26 PDT"]
[Termination "Evgeny81 won by resignation"]

1. e4 c5 2. Nf3 d6 3. d4 cxd4 4. Nxd4 Nf6 5. Nc3 Nc6 6. Bg5 Bd7 7. Be2 Qa5 8. Bxf6 gxf6 9. Nb3 Qg5 10. g3 f5 11. f4 Qg6 12. Nd5 Rc8 13. Bd3 fxe4 14. Be2 Bg7 15. c3 Bh3 16. Ne3 O-O 17. Qd5 e6 18. Qxd6 Rfd8 19. Qc5 Nd4 20. Qh5 Nf3+ 21. Bxf3 exf3 22. Qxg6 hxg6 23. Kf2 Rd3 24. Rhd1 Rcd8 25.
Rxd3 Rxd3 26. Rd1 Rxd1 27. Nxd1 Bg2 28. Ne3 Bh1 29. Nd2 e5 30. f5 Bh6 31. fxg6 fxg6 32.
Nxf3 e4 33. Ne5 Kg7 34. N5c4 Kf6 35. Ng4+ Kg5 36. Nxh6 Kxh6 37. Ke3 Kg5 38. Nd6 Kg4 39.
Nxe4 Kh3 40. Nf2+ Kxh2 41. Nxh1 Kxh1 42. Kf4 Kg2 43. c4 g5+ 44. Kg4 Kf2 45. c5 Ke3 46. Kxg5 1-0

[Event "Early-Titled-Tuesday-Blitz-September-05-2023"]
[Site "Chess.com"]
[Date "2023.09.05"]
[Round "6"]
[White "S-Fazulyanov"]
[Black "DarZay"]
[Result "1-0"]
[WhiteElo "2444"]
[BlackElo "2260"]
[TimeControl "180+1"]
[EndTime "9:06:26 PDT"]
[Termination "S-Fazulyanov won on time"]

1. e4 c5 2. Nf3 Nc6 3. d4 cxd4 4.
Nxd4 Nf6 5. Nc3 d6 6. Bg5 Bd7 7. Nb3 e6 8. Qd2 a6 9. a4 Be7 10. a5 Nb4 11. f3 Rc8 12. Be3 O-O 13. Bb6 Qe8 14. Be2 h6 15. O-O d5 16. e5 Nh7 17. f4 f6 18. Nd4 fxe5 19. fxe5 Qg6 20. Kh1 Ng5 21. Rxf8+ Rxf8 22. Rf1 Rxf1+ 23. Bxf1 Ne4 24.
Qe1 Nc6 25. Bd3 Qg5 26. Nf3 Qf4 27. Nxe4 dxe4 28. Qxe4 Qxe4 29. Bxe4 Bb4 30. c3 Be7 31. Nd4 Nxe5 32. Bxb7 Nc4 33. Bxa6 Nxb2 34. Bb7 Na4 35.
Bc7 Bc5 36. a6 Nxc3 37. Nb3 Be3 38. Na5 Bb5 39. Bb8 Nd1 40. g3 Bf1 41. h3 Nf2+ 42.
Kh2 Nxh3 43. a7 1-0

[Event "Early-Titled-Tuesday-Blitz-September-05-2023"]
[Site "Chess.com"]
[Date "2023.09.05"]
[Round "6"]
[White "viktorskliarov"]
[Black "Aevengho"]
[Result "1-0"]
[WhiteElo "2663"]
[BlackElo "2532"]
[TimeControl "180+1"]
[EndTime "9:06:27 PDT"]
[Termination "viktorskliarov won on time"]

1. e4 d6 2. d4 Nf6 3. Nc3 g6 4. f3 c6 5. Be3 b5 6. Qd2 Nbd7 7. O-O-O Nb6 8. b3 a5 9. g4 a4 10. Kb1 Qc7 11. h4 h5 12. g5 Nfd7 13. f4 Bg7 14. Nf3 b4 15. Ne2 c5 16. Ng3 Bb7 17. Rh2 O-O 18.
f5 c4 19. f6 exf6 20. Qxb4 f5 21. Nd2 axb3 22. cxb3 c3 23. Nc4 fxe4 24. Qxd6 Rfc8 25.
Qxc7 Rxc7 26. Bc1 Nd5 27. Nxe4 Ba6 28. Ned6 Rb8 29. Rc2 N7b6 30. Nxb6 Rxb6 31. Bxa6 Rxa6 32. Nc4 Re6 33. a3 Re4 34. Ka2 Bxd4 35. Nd6 Rxh4 36.
Nb5 Nb4+ 37. axb4 Rd7 38. Rxd4 Rdxd4 39. Nxd4 Rxd4 40. b5 Rb4 41. Rxc3 Rxb5 42. Rc8+ Kh7 43. Bb2 Ra5+ 44. Kb1 f6 45. Bxf6 1-0

[Event "Early-Titled-Tuesday-Blitz-September-05-2023"]
[Site "Chess.com"]
[Date "2023.09.05"]
[Round "6"]
[White "ChainedDowntohell"]
[Black "WPWPWP-2015"]
[Result "1-0"]
[WhiteElo "2569"]
[BlackElo "2549"]
[TimeControl "180+1"]
[EndTime "9:06:27 PDT"]
[Termination "ChainedDowntohell won by checkmate"]

1. a3 e5 2. c4 Nf6 3. d3 b5 4. cxb5 d5 5. Nf3 Bd6 6. g3 O-O 7. Bg2 Nbd7 8. O-O Rb8 9. b4 Re8 10. Nc3 d4 11. Ne4 Nxe4 12. dxe4 Rxb5 13. e3 c5 14.
bxc5 Nxc5 15. exd4 exd4 16. Nxd4 Rb6 17. Be3 Ba6 18.
Re1 Nd3 19. Nf5 Bc5 20. Bxc5 Nxc5 21. Qc2 Nd3 22. Red1 Qf6 23. Rab1 Rc6 24. Qa4 g6 25. Ne3 Qxf2+ 26. Kh1 Rce6 27. Ng4 Qc5 28. h3 h5 29. Nf6+ Rxf6 30. Qxe8+ Kg7 31. Rb8 Bc8 32. Rxc8 Nf2+ 33. Kh2 Qxc8 34. Qxc8 Ng4+ 35. hxg4 hxg4 36. e5 Rf2 37. Qxg4 Rf5 38. Qxf5 gxf5 39. Rd6 f4 40.
Rf6 fxg3+ 41. Kxg3 Kf8 42. Bf3 Ke7 43. Bb7 a5 44.
Ba6 a4 45. Kf4 Kf8 46. Bb5 Kg7 47. Bxa4 Kf8 48. Bb3 Ke7 49. Rxf7+ Ke8 50. Kf5 Kd8 51.
Ke6 Ke8 52. Kd6 Kd8 53. Rf8# 1-0